 Dungeon Crawl Stone Soup version 0.29.1-1-gd02db6906a (webtiles) character file.

Game seed: 17400464745770093040

477 xian the Trooper (level 7, -7/72 HPs)
             Began as an Ogre Fighter on Oct 14, 2022.
             Was an Initiate of Ashenzari.
             Mangled by an ogre
             ... wielding a +0 giant spiked club
              (23 damage)
             ... on level 5 of the Dungeon on Oct 15, 2022.
             The game lasted 00:12:27 (4575 turns).

xian the Trooper (Ogre Fighter)                     Turns: 4575, Time: 00:12:28

Health: -7/72      AC:  4    Str: 22    XL:     7   Next: 11%
Magic:  7/7        EV:  9    Int:  8    God:    Ashenzari [......]
Gold:   95         SH:  9    Dex: 12    Spells: 6/6 levels left

rFire   . . .      SeeInvis +   A - +3 hand axe
rCold   . . .      Faith    .   c - +1 kite shield
rNeg    . . .      Spirit   .   b - +0 robe
rPois   .          Reflect  .   (helmet restricted)
rElec   .          Harm     .   y - +0 cloak
rCorr   .          Rampage  .   (gloves unavailable)
Will    .....                   (boots unavailable)
Stlth   +.........              (no amulet)
HPRegen 0.22/turn               (no ring)
MPRegen 0.10/turn               (no ring)

@: no status effects
A: large, unfitting armour, tough skin 1, see invisible, agile 1
a: Renounce Religion


You were on level 5 of the Dungeon.
You worshipped Ashenzari.
Ashenzari was noncommittal.
You visited 1 branch of the dungeon, and saw 5 of its levels.

You collected 95 gold pieces.

Inventory:

Hand Weapons
 g - a +0 short sword of draining
 A - a +3 hand axe (weapon)
Missiles
 l - 19 stones (quivered)
Armour
 b - a +0 robe (worn)
 c - a +1 kite shield (worn)
 y - a +0 cloak (worn)
Magical Staves
 w - a staff of earth
Wands
 f - a wand of charming (7)
Scrolls
 j - a scroll of teleportation
 k - 2 scrolls of enchant armour
 r - a scroll of torment
 s - a scroll of magic mapping
 v - 2 scrolls of butterflies
Potions
 a - a potion of haste {unknown}
 d - a potion of might
 e - a potion of mutation
 m - a potion of invisibility {unknown}
 n - a potion of curing {unknown}
 o - a potion of brilliance {unknown}
 p - a potion of resistance {unknown}
 t - a potion of heal wounds {unknown}
 u - a potion of degeneration {unknown}
 x - a potion of attraction {unknown}


   Skills:
 + Level 5.3 Fighting
 + Level 2.2 Short Blades
 + Level 2.9 Axes
 + Level 1.7 Throwing
 + Level 4.4 Dodging
 + Level 0.7 Stealth
 + Level 4.4 Shields


You had 6 spell levels left.
You didn't know any spells.
Your spell library contained the following spells:

 Spells                   Type           Power      Damage    Failure   Level
 Apportation              Tloc           0%         N/A       69%         1
 Necrotise                Necr           0%         1d4       69%         1
 Sting                    Tmut/Pois      0%         1d3       69%         1
 Summon Small Mammal      Summ           0%         N/A       69%         1
 Poisonous Vapours        Pois/Air       0%         N/A       83%         2
 Olgreb's Toxic Radiance  Pois           0%         N/A       100%        4


Dungeon Overview and Level Annotations

Branches:
Dungeon (5/15)
 Temple: D:4-7

Altars:
Ashenzari


Innate Abilities, Weirdness & Mutations

You are too large for most types of armour.
You have tough skin. (AC +1)
You have supernaturally acute eyesight. (SInv)
You are agile. (Dex +4, Str/Int -1)


Message History

HP restored.
Things that are here:
a +0 dagger; a +0 robe; an orc corpse
There is an escape hatch in the floor here.
You see here a +0 cloak.
You see here a +0 dagger.
Done exploring.
Done exploring.
There is a stone staircase leading down here.
You climb downwards.
The iguana hisses angrily.
Found 41 gold pieces and a scroll labelled XIRU EXIPHAIMU.
Found a stone staircase leading down.
There is a stone staircase leading up here.
You throw a poisoned dart.
The poisoned dart closely misses the iguana.
You throw a poisoned dart.
The poisoned dart closely misses the iguana.
An ogre comes into view. It is wielding a +0 giant spiked club.
You throw a poisoned dart. The poisoned dart hits the iguana.
The iguana is poisoned.
You hit the iguana.
The iguana is heavily wounded.
The iguana bites you!
You slash the iguana!
You kill the iguana!
The ogre barely misses you.
You throw a poisoned dart. The poisoned dart hits the ogre.
The ogre is poisoned.
The ogre hits you with a +0 giant spiked club!!
You slash the ogre!
The ogre is moderately wounded.
You slash the ogre!
The ogre is heavily wounded.
The ogre hits you with a +0 giant spiked club!
* * * LOW HITPOINT WARNING * * *
You slash the ogre!
The ogre is almost dead.
The ogre hits you with a +0 giant spiked club!!
You die...

####..###
###.......#
##..........
##(...?......
#............
#...(........
#....O.......
#....@.......
#..>.........
#....<.......
#..#.........$.
##..##.......$#
.... #....$####
... #..#### ..
...# ....


You could see an ogre (poisoned).

Vanquished Creatures
  An ogre (D:4)
  A howler monkey (D:4)
  2 hounds (D:4)
  2 iguanas
  3 orc wizards (D:4)
  Terence (D:2)
  3 adders
  3 worms
  A dart slug (D:1)
  5 orcs
  8 ball pythons
  8 endoplasms
  3 giant cockroaches
  7 goblins
  9 hobgoblins
  6 jackals
  16 kobolds
  2 quokkas
  11 bats
  A frilled lizard (D:1)
  5 rats
98 creatures vanquished.

Notes
Turn   | Place    | Note
-------+----------+-------------------------------------------
     0 | D:1      | xian the Ogre Fighter began the quest for the Orb.
     0 | D:1      | Reached XP level 1. HP: 24/24 MP: 1/1
    54 | D:1      | Reached XP level 2. HP: 18/32 MP: 2/2
   395 | D:1      | Reached XP level 3. HP: 40/40 MP: 3/3
   805 | D:1      | Found a faded altar of an unknown god.
  1595 | D:2      | Reached XP level 4. HP: 44/49 MP: 4/4
  1669 | D:2      | Noticed Terence
  1700 | D:2      | Killed Terence
  1701 | D:2      | Reached skill level 1 in Short Blades
  2700 | D:3      | Reached XP level 5. HP: 55/55 MP: 5/5
  2761 | D:3      | Reached skill level 1 in Throwing
  3183 | D:4      | Noticed an ogre
  3192 | D:4      | Killed an ogre
  3193 | D:4      | Reached XP level 6. HP: 60/65 MP: 6/6
  3424 | D:4      | Reached skill level 5 in Fighting
  3449 | D:4      | Found a broken altar of Ashenzari.
  3467 | D:4      | Became a worshipper of Ashenzari the Shackled
  3682 | D:4      | Gained mutation: You are agile. (Dex +4, Str/Int -1)
                  | [potion of mutation]
  3682 | D:4      | Gained mutation: You have supernaturally acute eyesight.
                  | (SInv) [potion of mutation]
  4284 | D:4      | Reached XP level 7. HP: 52/72 MP: 7/7
  4564 | D:5      | Entered Level 5 of the Dungeon
  4575 | D:5      | Mangled by an ogre

Illustrated notes

Levels and vault maps discovered:
D:1:      wander_arrival_fairy_ring, layout_loops_cross,
          shapermc_ecumenical_altar_mp_ritualfount, minmay_indecisive_spiral
D:2:      layout_basic, uniq_terence
D:3:      layout_basic, dreamdust_wishing_well
D:4:      layout_loops_ring, overflow_temple_1_default
D:5:      layout_cave_pods, lemuel_crystal_altar, nicolae_tso_besieged_by_evil,
          nicolae_yredelemnul_corpse_copse, st_stairs_9, minmay_misc_feat_chi

Skill      XL: |  1  2  3  4  5  6 |
---------------+-------------------+-----
Dodging        | 3 4 |  4.4
Short Blades   | 1 2 |  2.2
Throwing       | 1 |  1.7
Shields        | 4 |  4.4
Fighting       | 5 |  5.3
Axes           | |  2.9
Stealth        | |  0.7

Action                   |  1- 3 |  4- 6 |  7- 9 || total
-------------------------+-------+-------+-------++-------
Melee: War axe           |    17 |       |       ||    17
       Short sword       |   125 |   242 |       ||   367
       Hand axe          |       |    21 |     5 ||    26
Throw: Stone             |    13 |    18 |       ||    31
       Dart              |     4 |    15 |     4 ||    23
  Use: Scroll            |       |     7 |       ||     7
       Potion            |       |     1 |       ||     1
Armor: Robe              |    70 |    90 |       ||   160
Dodge: Dodged            |    88 |   129 |     1 ||   218
Block: Kite shield       |    62 |   116 |       ||   178
